 Dungeon Crawl Stone Soup version 0.30.0-20-g3615ddf2f0 (webtiles) character file.

Game seed: 16205741713572196932

17435 qw the Cleaver (level 12, 0/76 HPs)
             Began as a Gargoyle Fighter on June 1, 2023.
             Was a High Priest of Okawaru.
             Slain by a bog body (23 damage)
             ... on level 3 of the Lair of Beasts.
             The game lasted 00:06:15 (9395 turns).

qw the Cleaver (Gargoyle Fighter)                   Turns: 9395, Time: 00:06:15

Health: 0/76       AC: 39    Str: 25    XL:     12   Next: 48%
Magic:  19/19      EV: 18    Int:  9    God:    Okawaru [*****.]
Gold:   452        SH: 14    Dex:  9    Spells: 11/11 levels left

rFire   + + .        Y - +1 war axe (protect)
rCold   . . .        h - +2 kite shield
rNeg    + . .        c - +0 plate armour
rPois   inf          s - +1 hat of the Tired Songs {rPois rF+ SInv}
rElec   +            (no cloak)
rCorr   +            r - +0 pair of gloves
SInv    +            i - +2 pair of slick slippers {slick, slippery, EV+4}
Will    .....        q - amulet of the Enchanting Gods {Acrobat rF+ rCorr Stlth-} Stlth
                     g - +5 ring of evasion
HPRegen 0.32/turn    p - +4 ring of protection
MPRegen 0.16/turn

%: acrobat
@: heroic, under a protective aura
A: sickness immunity, AC +8, negative energy resistance 1, electricity
resistance, torment resistance 1, petrification resistance
a: Renounce Religion, Heroism, Finesse, Duel


You were on level 3 of the Lair of Beasts.
You worshipped Okawaru.
Okawaru was extremely pleased with you.
You visited 3 branches of the dungeon, and saw 12 of its levels.

You collected 506 gold pieces.
You spent 54 gold pieces at shops.


Innate Abilities, Weirdness & Mutations

You are immune to sickness and miasma.
Your stone body is resilient. (AC +8)
You are immune to poison.
You resist negative energy. (rN+)
You are resistant to electric shocks. (rElec)
You are resistant to unholy torment.
You are immune to petrification.


   Skills:
 - Level 9.0(14.0) Fighting
 + Level 11.7(16.7) Axes
 - Level 7.1(12.1) Armour
 - Level 2.0(7.0) Dodging
 - Level 10.0(15.0) Shields
 - Level 10.0 Invocations


You had 11 spell levels left.
You didn't know any spells.
Your spell library was empty.

Inventory:

Hand Weapons
 v - a -1 demon whip of venom
 Y - a +1 war axe of protection (weapon)
Armour
 c - a +0 plate armour (worn)
 h - a +2 kite shield (worn)
 i - the +2 pair of slick slippers (worn) {slick, slippery, EV+4}
   (You acquired it on level 5 of the Dungeon)

   Slick:     Its wearer cannot be constricted, engulfed, netted or webbed.
   Slippery:  Its wearer slips away from damaging melee attacks, pulling the
   attacker onward.
   EV:        It affects your evasion (+4).
 l - a +2 helmet
 r - a +0 pair of gloves (worn)
 s - the +1 hat of the Tired Songs (worn) {rPois rF+ SInv}
   (Okawaru gifted it to you on level 2 of the Lair of Beasts)

   rF:        It protects you from fire.
   rPois:     It protects you from poison.
   SInv:      It lets you see invisible.
Jewellery
 g - a +5 ring of evasion (left hand)
 o - a ring of protection from cold
 p - a +4 ring of protection (right hand)
 q - the amulet of the Enchanting Gods (around neck) {Acrobat rF+ rCorr Stlth-}
   (You found it on level 8 of the Dungeon)

   [amulet of the acrobat]

   It increases your evasion while moving and waiting.
   rF:        It protects you from fire.
   rCorr:     It protects you from acid and corrosion.
   Stlth:     It makes you less stealthy.
 t - a ring of ice
Wands
 b - a wand of digging (4)
Scrolls
 a - 7 scrolls of identify
 j - a scroll of teleportation
Potions
 d - a potion of might
 e - 4 potions of attraction
 f - 2 potions of cancellation
 k - a potion of mutation
 m - 3 potions of resistance
 n - a potion of lignification
 u - 5 potions of curing
 w - 3 potions of haste
 x - 2 potions of heal wounds

Dungeon Overview and Level Annotations

Branches:
Dungeon (8/15)             Temple (1/1) D:5            Lair (3/5) D:8
  Swamp (0/4) Lair:3        Snake (0/4) Lair:2

Altars:
Ashenzari
Cheibriados
Dithmenos
Elyvilon
Fedhas
Gozag
Hepliaklqana
Kikubaaqudgha
Makhleb
Okawaru
Qazlal
Ru
Sif Muna
Trog
Uskayaw
Vehumet
Wu Jian
Xom
Yredelemnul
Zin
The Shining One

Shops:
D:3 [

Portals:
Bailey: D:7

Annotations:
D:5 2 transporters, qw's ghost, amateur GrFi
D:7 1 runed translucent door, qw's ghost, novice GrFi


Message History

Enter note:
Enter note:
Enter note: You barely miss the bog body.
You hit the yak.
Your weapon exudes an aura of protection.
You slash the yak! The bog body misses you.
You hit the yak.
The yak is moderately wounded.
You hit the yak. You closely miss the bog body.
The yak gores you but does no damage.
The bog body touches you but does no damage.
You slash the yak!
The yak is heavily wounded.
You slash the bog body! You hit the yak but do no damage.
The yak misses you. x2
You hit the yak but do no damage.
The yak is heavily wounded.
You slash the yak! You hit the bog body. You slash the yak!
The bog body points at you and mumbles some strange words.
You resist with significant effort. The yak barely misses you.
You block the yak's attack. The yak gores you.
You slip backwards!
You slice the yak!!
You kill the yak!
Okawaru accepts your kill.
You hit the yak. You hit the yak.
The yak is severely wounded.
You completely miss the bog body. The yak gores you.
You slip backwards!
You hit the yak.
The yak is severely wounded.
You slash the bog body! The yak gores you but does no damage.
You slice the yak!!
You kill the yak!
Okawaru accepts your kill.
You hit the yak but do no damage. You slash the bog body!
The bog body touches you! The bog body freezes you!!
You die...

##...Y ..##
#¤¤¤7Y....#
#¤¤7¤Y~...#####
##¤¤¤¤¤7........
#?.¤¤¤7~........
#.¤¤~~.........
#....YY........
####Y.n....#.
##@...### #.....#
#.....# ### #####
##....#####.###.#..
#.................
#.................
#.^...............
##.....P...........
#.....PP.#####.##.##


You could see a bog body and 3 yaks.

Vanquished Creatures
  Gastronok (D:8)
  Erica (D:8)
  Amaemon (Lair:2)
  2 elephants
  A black mamba (Lair:3)
  A torpor snail (Lair:2)
  Maggie (D:8)
  A cane toad (Lair:3)
  A kobold demonologist (D:8)
  An orange demon (Lair:2)
  4 komodo dragons
  A rime drake (Lair:2)
  A hornet (D:8)
  A polar bear (Lair:3)
  9 dream sheep
  3 blink frogs (Lair:2)
  Sigmund (D:5)
  2 wyverns (Lair:2)
  13 yaks
  4 basilisks
  Menkaure (D:6)
  3 nagas (Lair:2)
  6 water moccasins
  2 hell hounds (Lair:2)
  An orc warrior (D:8)
  A sky beast (D:7)
  4 black bears
  9 wolves
  A centaur (D:7)
  3 phantoms
  19 kobold brigands
  8 bullfrogs
  2 gnoll sergeants
  A scorpion (Lair:1)
  5 wights (D:8)
  11 killer bees
  A howler monkey (D:8)
  2 jellies
  A hound (D:5)
  A sleepcap (D:5)
  Jessica (D:3)
  4 iguanas
  3 orc wizards (D:8)
  19 gnolls
  4 adders
  2 ufetubi
  6 worms
  5 dart slugs
  27 orcs
  9 endoplasms
  3 giant cockroaches
  6 goblins
  11 hobgoblins
  6 jackals
  3 quokkas
  4 ball pythons
  6 bats
  3 frilled lizards
  26 kobolds
  4 rats
284 creatures vanquished.

Notes
Turn   | Place    | Note
-------+----------+-------------------------------------------
     0 | D:1      | qw the Gargoyle Fighter began the quest for the Orb.
     0 | D:1      | Reached XP level 1. HP: 14/14 MP: 1/1
     0 | D:1      | 0 ||| qw: Version: 0.2-a-102-gfc559e5
     0 | D:1      | 0 ||| qw: Game counter: 662
     0 | D:1      | 0 ||| qw: Always use a shield: true
     0 | D:1      | 0 ||| qw: God list: Okawaru
     0 | D:1      | 0 ||| qw: Allow faded altars: false
     0 | D:1      | 0 ||| qw: Do Orc after D:15 true
     0 | D:1      | 0 ||| qw: Do second Lair branch before Depths: true
     0 | D:1      | 0 ||| qw: Lair rune preference: random
     0 | D:1      | 0 ||| qw: Plans: Normal, Zot:1-4, Slime:5, God:TSO, Crypt,
                  | Tomb, Pan, Hells, Abyss, Win
     0 | D:1      | 0 ||| PLANNING D:1-11
    39 | D:1      | Reached skill level 2 in Axes
    93 | D:1      | Reached XP level 2. HP: 18/19 MP: 2/2
   427 | D:1      | Reached skill level 3 in Axes
   471 | D:1      | Reached XP level 3. HP: 23/23 MP: 3/3
   496 | D:1      | 496 ||| DROPPING +0 club.
   700 | D:1      | 700 ||| UPGRADING to +2 kite shield.
   710 | D:1      | 710 ||| DROPPING +0 buckler.
   711 | D:1      | 711 ||| UPGRADING to amulet of guardian spirit.
   716 | D:1      | 716 ||| UPGRADING to +5 ring of evasion.
   717 | D:1      | 717 ||| READING 2 scrolls labelled RORPHA EMEOL.
   812 | D:2      | 812 ||| Stepping ~*~*~tactically~*~*~ (hiding).
   813 | D:2      | 813 ||| Stepping ~*~*~tactically~*~*~ (hiding).
   815 | D:2      | 815 ||| Stepping ~*~*~tactically~*~*~ (hiding).
   833 | D:2      | 833 ||| FLEEEEING.
   834 | D:2      | 834 ||| FLEEEEING.
   835 | D:2      | 835 ||| FLEEEEING.
   836 | D:2      | 836 ||| FLEEEEING.
   837 | D:2      | 837 ||| FLEEEEING.
   838 | D:2      | 838 ||| FLEEEEING.
   839 | D:2      | 839 ||| FLEEEEING.
   840 | D:2      | 840 ||| FLEEEEING.
   841 | D:2      | 841 ||| FLEEEEING.
   842 | D:2      | 842 ||| FLEEEEING.
   843 | D:2      | 843 ||| FLEEEEING.
   845 | D:2      | 845 ||| FLEEEEING.
   846 | D:2      | 846 ||| FLEEEEING.
   847 | D:2      | 847 ||| FLEEEEING.
   848 | D:2      | 848 ||| FLEEEEING.
   862 | D:2      | 862 ||| DROPPING +0 whip.
   873 | D:2      | Reached XP level 4. HP: 26/28 MP: 2/4
  1118 | D:2      | 1118 ||| Stepping ~*~*~tactically~*~*~ (hiding).
  1512 | D:2      | 1512 ||| UPGRADING to +0 chain mail.
  1522 | D:2      | 1522 ||| DROPPING +0 scale mail.
  1523 | D:2      | 1523 ||| UPGRADING to ring of protection from cold.
  1524 | D:2      | 1524 ||| READING scroll labelled ATUDUA ELAYQ.
  1525 | D:2      | 1525 ||| READING scroll labelled HEHOPI KIMA.
  1538 | D:2      | 1538 ||| READING scroll labelled IXIRER EGOGI.
  1541 | D:2      | 1541 ||| READING scroll labelled FIRRUX DIEPT.
  1542 | D:2      | 1542 ||| READING 4 scrolls of identify.
  1542 | D:2      | 1542 ||| IDENTIFYING lumpy clear potion
  1543 | D:2      | 1543 ||| READING 3 scrolls of identify.
  1543 | D:2      | 1543 ||| IDENTIFYING amethyst potion
  1544 | D:2      | 1544 ||| READING 2 scrolls of identify.
  1544 | D:2      | 1544 ||| IDENTIFYING white potion
  1570 | D:3      | 1570 ||| Stepping ~*~*~tactically~*~*~ (stealth).
  1572 | D:3      | 1572 ||| Stepping ~*~*~tactically~*~*~ (hiding).
  1573 | D:3      | 1573 ||| Stepping ~*~*~tactically~*~*~ (stealth).
  1596 | D:3      | Found a glowing silver altar of Zin.
  1639 | D:3      | Found a hide-covered altar of Uskayaw.
  1707 | D:3      | Noticed Jessica
  1708 | D:3      | 1708 ||| Stepping ~*~*~tactically~*~*~ (stealth).
  1720 | D:3      | Killed Jessica
  1721 | D:3      | Reached skill level 4 in Axes
  1721 | D:3      | Reached XP level 5. HP: 27/32 MP: 3/5
  1781 | D:3      | Found Kojeul's Armour Shop.
  1788 | D:3      | 1788 ||| BUYING +0 helmet (54 gold).
  1788 | D:3      | Bought a +0 helmet for 54 gold pieces
  1788 | D:3      | 1788 ||| SHOPLISTING +2 helmet (198 gold, have 64).
  2115 | D:3      | 2115 ||| Stepping ~*~*~tactically~*~*~ (hiding).
  2393 | D:3      | 2393 ||| UPGRADING to +0 helmet.
  2398 | D:3      | 2398 ||| READING scroll of enchant armour.
  2398 | D:3      | 2398 ||| ENCHANTING +0 helmet.
  2399 | D:3      | 2399 ||| READING scroll labelled COINWY BESI.
  2400 | D:3      | 2400 ||| READING 2 scrolls labelled LULOPE DIESOA.
  2401 | D:3      | 2401 ||| READING 3 scrolls of identify.
  2401 | D:3      | 2401 ||| IDENTIFYING viscous puce potion
  2402 | D:3      | 2402 ||| READING 2 scrolls of identify.
  2402 | D:3      | 2402 ||| IDENTIFYING black potion
  2403 | D:3      | 2403 ||| DROPPING scroll of magic mapping.
  2534 | D:4      | Found an opulent altar of Gozag.
  2592 | D:4      | Noticed a phantom
  2610 | D:4      | Killed a phantom
  2611 | D:4      | Reached XP level 6. HP: 37/37 MP: 6/6
  2707 | D:4      | 2707 ||| Stepping ~*~*~tactically~*~*~ (hiding).
  2994 | D:4      | 2994 ||| READING scroll labelled AFEAVETIEGU.
  3042 | D:5      | Entered Level 5 of the Dungeon
  3062 | D:5      | Found a staircase to the Ecumenical Temple.
  3063 | D:5      | 3063 ||| PLANNING TEMPLE
  3072 | Temple   | Entered the Ecumenical Temple
  3127 | Temple   | 3127 ||| PLANNING OKAWARU WORSHIP
  3256 | Temple   | Became a worshipper of Warmaster Okawaru
  3256 | Temple   | 3256 ||| PLANNING D:1-11
  3257 | Temple   | 3257 ||| REMOVING amulet of guardian spirit.
  3262 | Temple   | 3262 ||| DROPPING amulet of guardian spirit.
  3341 | D:5      | 3341 ||| Stepping ~*~*~tactically~*~*~ (stealth).
  3343 | D:5      | 3343 ||| Stepping ~*~*~tactically~*~*~ (stealth).
  3357 | D:5      | Reached skill level 5 in Axes
  3469 | D:5      | Reached XP level 7. HP: 40/43 MP: 7/7
  3489 | D:5      | 3489 ||| Stepping ~*~*~tactically~*~*~ (hiding).
  3569 | D:5      | Noticed a rust devil
  3607 | D:5      | Reached * piety under Okawaru
  3681 | D:5      | Noticed Sigmund
  3682 | D:5      | 3682 ||| INVOKING Heroism.
  3694 | D:5      | Killed Sigmund
  3695 | D:5      | Reached skill level 6 in Axes
  3775 | D:5      | Noticed an angel
  3800 | D:5      | Noticed qw's ghost (amateur GrFi)
  3800 | D:5      | Identified the +7 dire flail of Hacking and Slashing
                  | {venom, rN+ Int+3}
  3801 | D:5      | 3801 ||| Stepping ~*~*~tactically~*~*~ (stealth).
  3813 | D:5      | Reached skill level 1 in Invocations
  3813 | D:5      | Reached XP level 8. HP: 45/48 MP: 8/8
  3817 | D:5      | Reached skill level 6 in Shields
  3824 | D:5      | 3824 ||| INVOKING Heroism.
  3831 | D:5      | Reached skill level 1 in Dodging
  3884 | D:5      | Found a transporter.
  3884 | D:5      | Found a transporter.
  4102 | D:5      | 4102 ||| DROPPING ring of magical power.
  4103 | D:5      | 4103 ||| READING scroll labelled ATSOWO CEAZEO.
  4103 | D:5      | Identified a scroll of acquirement
  4103 | D:5      | 4103 ||| ACQUIRING +2 pair of slick slippers {slick,
                  | slippery, EV+4}
  4103 | D:5      | Acquired the +2 pair of slick slippers {slick, slippery,
                  | EV+4}
  4103 | D:5      | Found the +2 pair of slick slippers {slick, slippery, EV+4}
  4105 | D:5      | 4105 ||| UPGRADING to +2 pair of slick slippers {slick,
                  | slippery, EV+4}.
  4110 | D:5      | 4110 ||| READING scroll labelled QOEWAH HYMMAF.
  4111 | D:5      | 4111 ||| DRINKING 2 bubbling inky potions.
  4112 | D:5      | 4112 ||| DROPPING potion of invisibility.
  4249 | D:6      | Reached skill level 3 in Invocations
  4280 | D:6      | 4280 ||| INVOKING Heroism.
  4300 | D:6      | Noticed Menkaure
  4301 | D:6      | 4301 ||| Stepping ~*~*~tactically~*~*~ (hiding).
  4303 | D:6      | 4303 ||| Stepping ~*~*~tactically~*~*~ (hiding).
  4304 | D:6      | 4304 ||| Stepping ~*~*~tactically~*~*~ (hiding).
  4305 | D:6      | 4305 ||| INVOKING Heroism.
  4311 | D:6      | Killed Menkaure
  4312 | D:6      | Reached skill level 7 in Axes
  4407 | D:6      | 4407 ||| Stepping ~*~*~tactically~*~*~ (stealth).
  4408 | D:6      | 4408 ||| Stepping ~*~*~tactically~*~*~ (stealth).
  4471 | D:6      | 4471 ||| Stepping ~*~*~tactically~*~*~ (stealth).
  4473 | D:6      | 4473 ||| Stepping ~*~*~tactically~*~*~ (hiding).
  4474 | D:6      | 4474 ||| Stepping ~*~*~tactically~*~*~ (hiding).
  4475 | D:6      | 4475 ||| Stepping ~*~*~tactically~*~*~ (hiding).
  4476 | D:6      | 4476 ||| Stepping ~*~*~tactically~*~*~ (hiding).
  4477 | D:6      | 4477 ||| Stepping ~*~*~tactically~*~*~ (hiding).
  4615 | D:6      | 4615 ||| Stepping ~*~*~tactically~*~*~ (hiding).
  4616 | D:6      | 4616 ||| Stepping ~*~*~tactically~*~*~ (hiding).
  4618 | D:6      | 4618 ||| Stepping ~*~*~tactically~*~*~ (hiding).
  4619 | D:6      | 4619 ||| Stepping ~*~*~tactically~*~*~ (hiding).
  4754 | D:6      | 4754 ||| INVOKING Heroism.
  4790 | D:6      | 4790 ||| INVOKING Heroism.
  4991 | D:6      | 4991 ||| READING scroll of enchant armour.
  4991 | D:6      | 4991 ||| ENCHANTING +1 helmet.
  5028 | D:6      | 5028 ||| DROPPING amulet of magic regeneration.
  5029 | D:6      | 5029 ||| READING scroll labelled SYHETO TEASHRY.
  5030 | D:6      | 5030 ||| READING scroll labelled OZONNAA SULI.
  5031 | D:6      | 5031 ||| READING 2 scrolls of identify.
  5031 | D:6      | 5031 ||| IDENTIFYING fizzy green potion
  5032 | D:6      | 5032 ||| DROPPING potion of degeneration.
  5081 | D:7      | 5081 ||| Stepping ~*~*~tactically~*~*~ (hiding).
  5096 | D:7      | Found a flagged portal.
  5098 | D:7      | 5098 ||| Stepping ~*~*~tactically~*~*~ (stealth).
  5191 | D:7      | 5191 ||| Stepping ~*~*~tactically~*~*~ (stealth).
  5216 | D:7      | Reached XP level 9. HP: 50/54 MP: 12/12
  5331 | D:7      | Found a burning altar of Makhleb.
  5417 | D:7      | 5417 ||| INVOKING Heroism.
  5422 | D:7      | Reached skill level 8 in Axes
  5436 | D:7      | Found a runed translucent door.
  5625 | D:7      | Noticed qw's ghost (novice GrFi)
  5627 | D:7      | 5627 ||| UPGRADING to +4 ring of protection.
  5629 | D:7      | 5629 ||| READING scroll labelled VECA OGRADAM.
  5630 | D:7      | 5630 ||| DRINKING 2 blue potions.
  5631 | D:7      | 5631 ||| READING 2 scrolls of identify.
  5631 | D:7      | 5631 ||| IDENTIFYING sedimented ruby potion
  5632 | D:7      | 5632 ||| DROPPING potion of flight.
  5666 | D:8      | 5666 ||| INVOKING Heroism.
  5675 | D:8      | Reached skill level 6 in Fighting
  5686 | D:8      | 5686 ||| Stepping ~*~*~tactically~*~*~ (stealth).
  5695 | D:8      | Reached ** piety under Okawaru
  5696 | D:8      | Found a staircase to the Lair.
  5697 | D:8      | 5697 ||| Stepping ~*~*~tactically~*~*~ (stealth).
  5698 | D:8      | 5698 ||| Stepping ~*~*~tactically~*~*~ (stealth).
  5700 | D:8      | 5700 ||| INVOKING Heroism.
  5703 | D:8      | 5703 ||| Stepping ~*~*~tactically~*~*~ (hiding).
  5707 | D:8      | Noticed an elephant
  5714 | D:8      | Noticed Maggie
  5742 | D:8      | Killed an elephant
  5743 | D:8      | Reached skill level 9 in Axes
  5786 | D:8      | Killed Maggie
  5787 | D:8      | Reached XP level 10. HP: 55/63 MP: 13/13
  5811 | D:8      | 5811 ||| DROPPING +0 flail.
  5885 | D:8      | Noticed Gastronok
  5886 | D:8      | 5886 ||| Stepping ~*~*~tactically~*~*~ (hiding).
  5893 | D:8      | 5893 ||| INVOKING Heroism.
  5913 | D:8      | 5913 ||| INVOKING Heroism.
  5917 | D:8      | Killed Gastronok
  5917 | D:8      | Reached *** piety under Okawaru
  5951 | D:8      | 5951 ||| Stepping ~*~*~tactically~*~*~ (stealth).
  6044 | D:8      | 6044 ||| Stepping ~*~*~tactically~*~*~ (stealth).
  6057 | D:8      | 6057 ||| Stepping ~*~*~tactically~*~*~ (hiding).
  6098 | D:8      | Noticed Erica
  6099 | D:8      | 6099 ||| INVOKING Heroism.
  6106 | D:8      | 6106 ||| Stepping ~*~*~tactically~*~*~ (hiding).
  6124 | D:8      | Killed Erica
  6127 | D:8      | 6127 ||| INVOKING Heroism.
  6133 | D:8      | Reached skill level 10 in Axes
  6245 | D:8      | Identified the amulet of the Enchanting Gods {Acrobat rF+
                  | rCorr Stlth-}
  6710 | D:8      | 6710 ||| Stepping ~*~*~tactically~*~*~ (hiding).
  6750 | D:8      | Reached **** piety under Okawaru
  6757 | D:8      | 6757 ||| Stepping ~*~*~tactically~*~*~ (hiding).
  6774 | D:8      | Noticed a kobold demonologist
  6777 | D:8      | Reached XP level 11. HP: 68/68 MP: 14/14
  6858 | D:8      | 6858 ||| PLANNING LAIR
  6858 | D:8      | 6858 ||| UPGRADING to amulet of the Enchanting Gods
                  | {Acrobat rF+ rCorr Stlth-}.
  6863 | D:8      | 6863 ||| DRINKING 3 bubbling ruby potions.
  6864 | D:8      | 6864 ||| READING 2 scrolls of identify.
  6864 | D:8      | 6864 ||| IDENTIFYING pink potion
  6865 | D:8      | 6865 ||| DROPPING potion of brilliance.
  6922 | Lair:1   | Entered Level 1 of the Lair of Beasts
  6968 | Lair:1   | 6968 ||| Stepping ~*~*~tactically~*~*~ (hiding).
  7010 | Lair:1   | 7010 ||| INVOKING Heroism.
  7026 | Lair:1   | Reached skill level 6 in Invocations
  7121 | Lair:1   | 7121 ||| INVOKING Heroism.
  7395 | Lair:1   | 7395 ||| Stepping ~*~*~tactically~*~*~ (stealth).
  7396 | Lair:1   | 7396 ||| Stepping ~*~*~tactically~*~*~ (stealth).
  7788 | Lair:1   | 7788 ||| DROPPING ring of positive energy.
  7789 | Lair:1   | 7789 ||| DRINKING 2 murky brown potions.
  7790 | Lair:1   | 7790 ||| READING 5 scrolls of identify.
  7790 | Lair:1   | 7790 ||| IDENTIFYING sedimented yellow potion
  7791 | Lair:1   | 7791 ||| DROPPING potion of berserk rage.
  7870 | Lair:2   | 7870 ||| INVOKING Heroism.
  7873 | Lair:2   | Reached skill level 11 in Axes
  7950 | Lair:2   | 7950 ||| Stepping ~*~*~tactically~*~*~ (hiding).
  7952 | Lair:2   | 7952 ||| Stepping ~*~*~tactically~*~*~ (hiding).
  7956 | Lair:2   | Found a staircase to the Snake Pit.
  7966 | Lair:2   | 7966 ||| FLEEEEING.
  8007 | Lair:2   | 8007 ||| Stepping ~*~*~tactically~*~*~ (hiding).
  8018 | Lair:2   | Reached ***** piety under Okawaru
  8022 | Lair:2   | 8022 ||| INVOKING Heroism.
  8305 | Lair:2   | 8305 ||| Stepping ~*~*~tactically~*~*~ (hiding).
  8307 | Lair:2   | 8307 ||| Stepping ~*~*~tactically~*~*~ (hiding).
  8310 | Lair:2   | 8310 ||| INVOKING Heroism.
  8321 | Lair:2   | Identified the +1 hat of the Tired Songs {rPois rF+ SInv}
                  | (Okawaru gifted it to you on level 2 of the Lair of Beasts)
  8321 | Lair:2   | Received a gift from Okawaru
  8335 | Lair:2   | 8335 ||| INVOKING Heroism.
  8367 | Lair:2   | Reached skill level 9 in Fighting
  8416 | Lair:2   | Noticed Amaemon
  8417 | Lair:2   | 8417 ||| Stepping ~*~*~tactically~*~*~ (hiding).
  8418 | Lair:2   | 8418 ||| Stepping ~*~*~tactically~*~*~ (hiding).
  8420 | Lair:2   | 8420 ||| INVOKING Heroism.
  8444 | Lair:2   | Killed Amaemon
  8452 | Lair:2   | Reached skill level 9 in Invocations
  8452 | Lair:2   | Reached XP level 12. HP: 66/76 MP: 18/18
  8483 | Lair:2   | 8483 ||| DROPPING +1 heavy morningstar.
  8717 | Lair:2   | 8717 ||| INVOKING Heroism.
  8723 | Lair:2   | Reached skill level 6 in Armour
  8889 | Lair:2   | 8889 ||| UPGRADING to +0 plate armour.
  8899 | Lair:2   | 8899 ||| DROPPING +0 chain mail.
  8900 | Lair:2   | 8900 ||| UPGRADING to +0 pair of gloves.
  8905 | Lair:2   | 8905 ||| UPGRADING to +1 hat of the Tired Songs {rPois rF+
                  | SInv}.
  9209 | Lair:3   | 9209 ||| INVOKING Heroism.
  9350 | Lair:3   | 9350 ||| INVOKING Heroism.
  9383 | Lair:3   | Found a staircase to the Swamp.
  9395 | Lair:3   | Slain by a bog body

Levels and vault maps discovered:
D:1:      saegor_arrival_simple_b, layout_loops_ring,
          shapermc_ecumenical_altar_mp_urbaneastern
D:2:      layout_loops_ring, eino_tiny_chamber, minmay_split_cup_large
D:3:      layout_loops_corners, nicolae_uskayaw_murder_on_the_dancefloor,
          zin_treasury, serial_shops, shop, uniq_jessica
D:4:      layout_rooms, kennysheep_little_box, chequers_serial_rivers_room_a,
          nicolae_wormholes
D:5:      layout_gridville, temple_garden, gammafunk_ghost_smash, uniq_sigmund
D:6:      black_bear_nest_1, layout_basic, kennysheep_boxes, uniq_menkaure
D:7:      layout_rooms, lemuel_doored_altar, ebering_ghost_reflecting_pool,
          enter_bailey_2
D:8:      layout_loops_ring, david_lair_generic, special_room
          [special_room_kobold], amcnicky_mini_rare_corridor_liquid,
          uniq_gastronok, uniq_maggie, uniq_erica
Temple:   bh_familiar_temple
Lair:1:   layout_regular_city, st_stairs_3, grunt_megastairs_1
Lair:2:   layout_regular_city, guppyfry_snake_entry_island, enter_volcano_3,
          uniq_amaemon
Lair:3:   layout_long_grid, skrybe_swamp_entry_bodies,
          infiniplex_staircase_pool_2

Skill      XL: |  1  2  3  4  5  6  7  8  9 10 11 12 |
---------------+-------------------------------------+-----
Axes           | 2 3 4 5 6 7 9 10 11 | 11.7
Shields        | 4 5 7 8 10 | 10.0
Fighting       | 4 5 7 8 9 |  9.0
Invocations    | 1 4 9 10 | 10.0
Dodging        | 1 2 |  2.0
Armour         | 4 5 7 |  7.1

Action                     |  1- 3 |  4- 6 |  7- 9 | 10-12 || total
---------------------------+-------+-------+-------+-------++-------
  Melee: War axe           |    69 |   215 |   302 |   629 ||  1215
  Throw: Boomerang         |       |    38 |    25 |       ||    63
 Invoke: Heroism           |       |       |     9 |    14 ||    23
    Use: Scroll            |     1 |    13 |     8 |     2 ||    24
         Potion            |       |       |     2 |     2 ||     4
 Armour: Scale mail        |    15 |    16 |       |       ||    31
         Chain mail        |       |    52 |   143 |   155 ||   350
         Plate armour      |       |       |       |    42 ||    42
  Dodge: Dodged            |    27 |    83 |   209 |   355 ||   674
  Block: Buckler           |     5 |       |       |       ||     5
         Kite shield       |    14 |   118 |   256 |   374 ||   762

Table legend:
 A = Non-vault XP
 B = Vault XP
 C = Vault XP percentage of total XP
 D = Non-vault monster count
 E = Vault monster count
 F = Vault count percentage of total count
                 A         B        C        D         E       F
            +---------+---------+-------+---------+---------+-------
      Total |   16118 |    8999 |  35.8 |     231 |      53 |  18.7
            +---------+---------+-------+---------+---------+-------
        D:1 |      40 |       0 |   0.0 |      23 |       0 |   0.0
        D:2 |      97 |      11 |  10.2 |      20 |       4 |  16.7
        D:3 |      53 |      37 |  41.1 |      18 |       1 |   5.3
        D:4 |     191 |      20 |   9.5 |      22 |       4 |  15.4
        D:5 |     810 |     239 |  22.8 |      20 |       1 |   4.8
        D:6 |     397 |     302 |  43.2 |      14 |       2 |  12.5
        D:7 |     690 |       0 |   0.0 |      17 |       0 |   0.0
        D:8 |    1671 |    5796 |  77.6 |      38 |      32 |  45.7
     Lair:1 |    2041 |     664 |  24.5 |      12 |       2 |  14.3
     Lair:2 |    4716 |    1930 |  29.0 |      24 |       7 |  22.6
     Lair:3 |    5412 |       0 |   0.0 |      23 |       0 |   0.0
            +---------+---------+-------+---------+---------+-------
